 Dungeon Crawl Stone Soup version 0.15.0-31-geb66e34 (webtiles) character file.

208038 EvilAshe the Wrestler (level 18, 0/156 HPs)
             Began as a Minotaur Monk on Sept 13, 2014.
             Was the Champion of Makhleb.
             Slain by an Executioner (9 damage)
             ... summoned by the player character
             ... on Level 5 of the Shoals on Sept 14, 2014.
             The game lasted 03:33:11 (42056 turns).

EvilAshe the Wrestler (Minotaur Monk)              Turns: 42056, Time: 03:33:11

HP   0/156       AC 41     Str 29      XL: 18   Next: 11%
MP  27/27        EV 12     Int  7      God: Makhleb [******]
Gold 1896        SH  0     Dex 17      Spells:  0 memorised, 17 levels left

rFire  + . .     SeeInvis +       - Unarmed
rCold  + . .     Clarity  .     y - +8 plate armour "Stomec" {rPois rF+ Dex-1}
rNeg   + . .     rCorr    .     (no shield)
rPois  +         rRot     .     l - +1 hat of the Imp {Slay+5 Stlth--}
rElec  .         Spirit   .     Y - +0 cloak {+Inv} (curse)
SustAb .         Warding  .     d - +2 pair of gloves {Str+3}
rMut   .         Stasis   .     c - +2 pair of boots {rC+}
Gourm  +                        O - amulet of the gourmand
MR     +++..                    A - +2 ring of protection
                                h - ring of the Enemy {rPois rN+ MR++ SInv}

@: mighty, mesmerised, very slightly contaminated, hasted, very quick, extremely
resistant to hostile enchantments, extremely unstealthy
A: retaliatory headbutt, horns 2, slimy green scales 1, agile 1
a: Minor Destruction, Lesser Servant of Makhleb, Major Destruction, Greater
Servant of Makhleb, Renounce Religion, Evoke Invisibility
}: 1/15 runes: gossamer


You were on level 5 of the Shoals.
You worshipped Makhleb.
Makhleb was exalted by your worship.
You were very full.

You visited 6 branches of the dungeon, and saw 38 of its levels.
You also visited: Ice Cave.

You collected 3757 gold pieces.
You spent 1861 gold pieces at shops.

Inventory:

Armour
 c - a +2 pair of boots of cold resistance (worn)
 d - a +2 pair of gloves of strength (worn)
 j - a +0 hat of cold resistance
 l - the +1 hat of the Imp (worn) {Slay+5 Stlth--}
   (You acquired it on level 7 of the Lair of Beasts)

   It affects your accuracy and damage with ranged weapons and melee attacks
   (+5).
   It makes you much less stealthy.
 y - the +8 plate armour "Stomec" (worn) {rPois rF+ Dex-1}
   (You bought it in a shop on level 9 of the Dungeon)

   It affects your dexterity (-1).
   It protects you from fire.
   It protects you from poison.
 Y - a cursed +0 cloak of darkness (worn)
Magical devices
 a - a wand of digging (9)
 n - a wand of digging (18)
 o - a wand of draining (5)
 t - a wand of fire (3)
 P - a wand of lightning (3)
 Q - a wand of digging (11)
 Z - a wand of lightning (4)
Comestibles
 b - 16 bread rations
 q - 35 fruits
 D - 2 beef jerkies
 R - 3 royal jellies
 S - a slice of pizza
 T - a meat ration
Scrolls
 g - 7 scrolls of teleportation
 m - 4 scrolls of enchant armour
 p - a scroll of fog
 w - 4 scrolls of magic mapping
 B - 9 scrolls of recharging
 G - 4 scrolls of identify
 H - a scroll of holy word
 I - a scroll of silence
 J - 9 scrolls of remove curse
 N - a scroll of vulnerability
 V - a scroll of fear
Jewellery
 h - the ring of the Enemy (left hand) {rPois rN+ MR++ SInv}
   (You bought it in a shop on level 2 of the Orcish Mines)

   [ring of positive energy]

   It protects you from poison.
   It protects you from negative energy.
   It affects your resistance to hostile enchantments.
   It enhances your eyesight.
 k - an uncursed ring of protection from fire
 A - a +2 ring of protection (right hand)
 E - an uncursed ring of magical power
 F - an uncursed ring of invisibility
 O - an amulet of the gourmand (around neck)
 U - an uncursed ring of flight
Potions
 e - 2 potions of resistance
 f - 2 potions of cancellation
 s - 6 potions of curing
 u - 5 potions of restore abilities
 K - a potion of magic
Books
 i - the Volume of the Frostbite and Air
   (You found it on level 5 of the Shoals)

   Spells                             Type                      Level
   Swiftness                          Charms/Air                   2
   Ensorcelled Hibernation            Hexes/Ice                    2
   Flight                             Charms/Air                   3
   Airstrike                          Air                          4
   Throw Icicle                       Conjuration/Ice              4
   Metabolic Englaciation             Hexes/Ice                    5
 v - a book of Callings

   Spells                             Type                      Level
   Summon Small Mammal                Summoning                    1
   Call Imp                           Summoning                    2
   Call Canine Familiar               Summoning                    3
   Summon Guardian Golem              Hexes/Summoning              4
   Summon Lightning Spire             Summoning/Air                4
   Summon Ice Beast                   Ice/Summoning                4
 C - a book of Envenomations

   Spells                             Type                      Level
   Spider Form                        Transmutation/Poison         3
   Alistair's Intoxication            Transmutation/Poison         4
   Olgreb's Toxic Radiance            Poison                       4
   Poisonous Cloud                    Conjuration/Poison/Air       6
 M - a book of Air

   Spells                             Type                      Level
   Shock                              Conjuration/Air              1
   Swiftness                          Charms/Air                   2
   Repel Missiles                     Charms/Air                   2
   Flight                             Charms/Air                   3
   Static Discharge                   Conjuration/Air              3
   Lightning Bolt                     Conjuration/Air              5


   Skills:
 + Level 12.8 Fighting
 + Level 20.0 Armour
 - Level 9.9 Dodging
 - Level 1.5 Stealth
 + Level 22.9 Unarmed Combat
 - Level 10.0 Invocations


You had 17 spell levels left.
You didn't know any spells.

Dungeon Overview and Level Annotations

Branches:
Dungeon (15/15)            Temple (1/1) D:4             Orc (4/4) D:10
    Elf (0/3) Orc:4          Lair (8/8) D:11         Shoals (5/5) Lair:4
 Spider (5/5) Lair:6        Slime (0/6) Lair:6       Vaults (0/5) D:13
 Depths (0/5) D:15

Altars:
Ashenzari
Cheibriados
Elyvilon
Kikubaaqudgha
Makhleb
Nemelex Xobeh
Okawaru
Sif Muna
Trog
Vehumet
Yredelemnul
The Shining One

Shops:
D:9 (%[*:   D:11 }   D:15 %   Orc:2 =   Orc:3 :   Orc:4 =**?

Annotations:
D:10 1 exclusion
Lair:6 exclusion: 2 oklob plants


Innate Abilities, Weirdness & Mutations

You reflexively headbutt those who attack you in melee.
You have a pair of horns on your head.
You are partially covered in slimy green scales (AC +2).
You are agile. (Dex +2)


Message History

* * * LOW HITPOINT WARNING * * *
The merfolk completely misses your cacodemon.
You are very lightly contaminated with residual magic.
You miss the Executioner. You headbutt the Executioner.
The Executioner is lightly wounded.
The Executioner hits you but does no damage. x3
The water elemental hits your cacodemon!!
Your cacodemon dies!
The merfolk impaler barely misses you.
Unknown command.
You pummel the Executioner!! Your headbutt misses the Executioner.
The Executioner is moderately wounded.
The Executioner hits you but does no damage.
The Executioner barely misses you.
The Executioner hits you but does no damage.
You pound the Executioner into fine dust!!!
You punch the Executioner!
The Executioner is almost dead.
The Executioner hits you!
You die...

#m§[...!.#..≈≈##≈.≈#......#......
≈#mmm....#...≈≈≈≈.≈#....####.....
#.#......#.#..≈#..≈#.#######.....
≈)#...m...#.#....≈##..........((.
≈.#..≈....(#....≈##...........%(.
..#..≈..(.((######............(..
.≈#......P((mE.P.................
≈##.E....((≈mm(<.............(≈≈≈
##.......≈≈()(m1@...(.......≈≈≈≈≈
#.m.m...PP≈P≈PP%≈..........≈)≈≈≈≈
,.E......≈P≈≈≈≈≈≈≈≈....≈≈.)≈≈≈≈≈≈
,.......PP≈≈m≈≈≈≈≈≈≈≈%≈≈≈≈≈≈≈≈≈≈≈
,.......P≈≈≈≈≈≈≈≈≈≈%≈≈≈≈.≈≈≈≈≈≈≈≈
,,......≈≈≈≈≈≈≈≈≈≈≈≈≈≈≈..≈≈≈≈≈≈≈≈
,,,...≈≈≈≈≈≈≈≈≈≈≈≈######..≈≈≈≈≈≈≈
,,,,..≈≈≈≈≈≈≈≈≈≈≈##≈,,,.#..≈≈≈≈≈≈
****,≈≈≈≈P≈≈≈≈≈≈##≈,,,.#.#...≈≈≈≈


You could see a siren, a merfolk impaler, an Executioner, 2 merfolk, a water
elemental and a mermaid.

Vanquished Creatures
  Asterion (Spider:5)
  Rupert (Spider:3)
  A fire giant (D:13)
  Louise (D:15)
  4 ghost moths
  5 emperor scorpions
  Gastronok (Lair:1)
  A dire elephant (Lair:8)
  3 merfolk javelineers (Shoals:5)
  3 vault guards (D:13)
  8 merfolk impalers
  Josephine (D:12)
  8 hydras
  Fannar (Lair:6)
  Harold (Orc:3)
  An ogre mage (D:15)
  2 sirens
  An alligator snapping turtle (Shoals:5)
  4 merfolk aquamancers (Shoals:5)
  A centaur warrior (D:15)
  A satyr (Shoals:5)
  A deep troll shaman (Lair:8)
  2 tengu warriors
  7 death yaks
  Urug (D:12)
  An orc high priest (Orc:4)
  3 catoblepae
  3 unseen horrors
  Erolcha (D:9)
  2 ice devils (IceCv)
  4 skeletal warriors (D:14)
  A flayed ghost (D:13)
  A deep elf knight (D:13)
  A fire crab (D:13)
  7 sea snakes
  2 wizards (D:13)
  9 orb spiders
  9 hill giants
  2 ice statues (IceCv)
  Pikel (D:4)
  2 lindwurms (Lair:6)
  A deep elf conjurer (D:15)
  4 harpies (Shoals:3)
  A wolf spider zombie (D:14)
  7 manticores
  18 ugly things
  2 moths of wrath
  4 red wasps
  5 orc sorcerers
  A water nymph (shapeshifter) (D:13)
  5 cyclopes
  2 orc knights (D:13)
  23 wolf spiders
  4 black mambas
  7 griffons
  5 fauns
  Maurice (D:12)
  15 elephants
  5 mermaids
  2 naga magi (D:15)
  A centaur zombie (D:12)
  4 gargoyles
  An octopode (shapeshifter) (D:15)
  A torpor snail (Lair:8)
  2 item mimics
  8 spiny frogs
  A feature mimic (Lair:4)
  Psyche (D:8)
  5 kobold demonologists
  4 fire drakes
  24 demonic crawlers
  10 komodo dragons
  A yaktaur (D:13)
  A freezing wraith (D:15)
  28 jumping spiders
  7 blue devils (IceCv)
  Grinder (D:5)
  A spriggan druid (Lair:4)
  2 tengu conjurers
  26 merfolk
  5 polar bears
  7 two-headed ogres
  A catoblepas zombie (D:10)
  2 jumping spiders (shapeshifter)
  Prince Ribbit (D:8)
  2 wind drakes
  A slime creature (D:13)
  A griffon zombie (D:15)
  6 trolls
  18 blink frogs
  3 ravens (D:15)
  5 snapping turtles
  3 deep elf magi
  3 basilisks
  A shadow (D:13)
  31 redbacks
  35 yaks
  2 spriggans
  A griffon skeleton (D:14)
  A spriggan (shapeshifter) (D:15)
  18 trapdoor spiders
  2 deep elf fighters
  10 water elementals
  A hill giant zombie (D:15)
  27 tarantellas
  18 hippogriffs
  A human (D:13)
  2 wyverns
  5 hungry ghosts
  A hill giant skeleton (D:12)
  A steam dragon (D:10)
  4 vampire mosquitoes
  An ogre zombie (D:12)
  Menkaure (D:4)
  7 wargs
  13 wolves
  6 ice beasts
  8 porcupines
  19 spiders
  8 water moccasins
  22 orc warriors
  3 slaves
  3 yellow wasps
  2 tengu skeletons
  2 necrophages
  3 sky beasts
  A soldier ant (D:13)
  4 black bears
  The ghost of zkyp the Chopper, an average DDTm (D:3)
  12 crocodiles
  3 phantoms
  An orc skeleton (D:13)
  15 ogres
  Sigmund (D:3)
  A boring beetle (Lair:6)
  A brain worm (D:15)
  12 centaurs
  5 big kobolds
  A cyclops zombie (D:12)
  A wyvern zombie (D:14)
  22 giant frogs
  13 scorpions
  9 killer bees
  An eye of draining (D:14)
  An eye of draining (shapeshifter) (D:15)
  10 wights
  A quasit (D:7)
  6 electric eels
  14 hounds
  A goliath beetle (D:6)
  A centaur skeleton (D:12)
  8 crimson imps
  A cyclops simulacrum (D:12)
  A giant frog zombie (D:11)
  2 jellies
  24 orc priests
  A basilisk zombie (D:12)
  50 orc wizards
  12 worker ants
  12 iguanas
  20 sheep
  A mottled dragon zombie (D:12)
  A brain worm zombie (D:12)
  A mummy (D:15)
  57 green rats
  A worker ant zombie (D:11)
  26 adders
  21 white imps
  4 giant mites
  4 shadow imps
  2 worms
  6 ufetubi (IceCv)
  4 giant geckos
  3 oozes
  179 orcs
  2 giant cockroaches
  17 goblins
  19 hobgoblins
  17 jackals
  15 quokkas
  2 ball pythons
  13 bats
  3 giant newts
  3 giant spores
  A goblin skeleton (D:5)
  A hobgoblin skeleton (D:9)
  28 kobolds
  A kobold skeleton (D:5)
  2 orc zombies
  21 rats
  A rat skeleton (D:5)
  16 ballistomycetes
  A plant (D:11)
1410 creatures vanquished.

Vanquished Creatures (collateral kills)
  Arachne (Spider:3)
  Ilsuiw (Shoals:5)
  An emperor scorpion (Spider:4)
  A ghost moth (Spider:5)
  A merfolk javelineer (Shoals:5)
  A hydra (Lair:5)
  3 merfolk aquamancers (Shoals:5)
  A sea snake (Shoals:5)
  An orc sorcerer (Orc:4)
  A manticore (D:10)
  2 merfolk (Shoals:5)
  A troll (D:14)
  A jumping spider (Spider:5)
  A wind drake (Shoals:5)
  A deep elf mage (D:14)
  2 redbacks
  2 water elementals (Shoals:5)
  An orc warrior (Orc:4)
  A giant frog (D:13)
  An orc priest (Orc:4)
  2 orc wizards (Orc:4)
  An orc (Orc:4)
  A goblin (Orc:4)
  A goblin zombie (Orc:4)
  3 orc zombies (Orc:4)
33 creatures vanquished.

Vanquished Creatures (others)
  A cacodemon (Shoals:5)
  A blizzard demon (Spider:5)
  4 drowned souls (Shoals:4)
  A smoke demon (Lair:6)
  2 orange demons
  3 hellwings
  A redback (Spider:2)
  2 ynoxinuls
  3 neqoxecs
  A hound (D:11)
  A shadow imp (D:9)
  2 white imps
  7 ufetubi
  An orc zombie (Orc:4)
  2 orcs (Orc:3)
  4 jackals (D:5)
  A quokka (Lair:5)
  A giant spore (D:6)
  A fungus (Lair:5)
  4 plants
  9 tentacles (Shoals:5)
  21 tentacle segments
  9 toadstools (Lair:6)
82 creatures vanquished.

Grand Total: 1525 creatures vanquished

Notes
Turn   | Place    | Note
--------------------------------------------------------------
     0 | D:1      | EvilAshe, the Minotaur Monk, began the quest for the Orb.
     0 | D:1      | Reached XP level 1. HP: 19/19 MP: 1/1
    97 | D:1      | Reached XP level 2. HP: 17/26 MP: 1/1
   257 | D:1      | Reached skill level 5 in Unarmed Combat
   784 | D:2      | Found a glowing golden altar of the Shining One.
   874 | D:2      | Reached XP level 3. HP: 22/31 MP: 2/2
  1309 | D:2      | Found an ancient bone altar of Kikubaaqudgha.
  1388 | D:2      | Reached skill level 6 in Unarmed Combat
  1572 | D:2      | Reached XP level 4. HP: 39/39 MP: 2/2
  1907 | D:3      | Noticed Sigmund
  1909 | D:3      | Noticed zkyp's ghost (average DDTm)
  2191 | D:4      | Found a sparkling altar of Nemelex Xobeh.
  2237 | D:4      | Reached skill level 7 in Unarmed Combat
  2237 | D:4      | Reached XP level 5. HP: 38/45 MP: 2/2
  2416 | D:4      | Noticed Menkaure
  2865 | D:4      | Found a staircase to the Ecumenical Temple.
  2874 | Temple   | Entered the Ecumenical Temple
  2885 | Temple   | Became a worshipper of Makhleb the Destroyer
  2885 | Temple   | Acquired Makhleb's first power
  2885 | Temple   | Acquired Makhleb's second power
  2966 | D:4      | Reached skill level 8 in Unarmed Combat
  2966 | D:4      | Reached XP level 6. HP: 44/51 MP: 3/3
  3096 | D:5      | Entered Level 5 of the Dungeon
  3116 | D:5      | Noticed Grinder
  3185 | D:5      | Killed Grinder
  3185 | D:5      | Reached skill level 9 in Unarmed Combat
  3185 | D:5      | Reached XP level 7. HP: 29/57 MP: 3/3
  3678 | D:4      | Killed Menkaure
  3678 | D:4      | Reached skill level 10 in Unarmed Combat
  4141 | D:5      | Noticed Pikel
  4762 | D:6      | Acquired Makhleb's third power
  4953 | D:4      | Killed Pikel
  4953 | D:4      | Reached skill level 12 in Unarmed Combat
  4953 | D:4      | Reached XP level 8. HP: 64/64 MP: 3/3
  5393 | D:5      | Got an ichor-stained robe
  5423 | D:5      | Noticed a human
  5429 | D:5      | Found a basalt altar of Yredelemnul.
  5495 | D:5      | Found a deep blue altar of Sif Muna.
  5495 | D:5      | Found a snail-covered altar of Cheibriados.
  6865 | D:7      | Noticed a hill giant
  7102 | D:8      | Reached skill level 5 in Dodging
  7296 | D:8      | Noticed Prince Ribbit
  7305 | D:8      | Reached XP level 9. HP: 70/70 MP: 4/4
  7392 | D:8      | Acquired Makhleb's fourth power
  7750 | D:8      | Noticed Psyche
  7871 | D:9      | Found Dabiddepp's Assorted Antiques.
  7919 | D:8      | Killed Prince Ribbit
  7919 | D:8      | Reached skill level 13 in Unarmed Combat
  8128 | D:3      | Killed Sigmund
  8384 | D:3      | Killed zkyp's ghost
  8559 | D:9      | Found a white marble altar of Elyvilon.
  8652 | D:9      | Found Ruocaxaac's Armour Boutique.
  8655 | D:9      | Noticed Erolcha
  8747 | D:9      | Found Troathromya's Book Emporium.
  8817 | D:10     | Entered Level 10 of the Dungeon
  9197 | D:10     | Reached XP level 10. HP: 73/77 MP: 4/4
  9244 | D:10     | Reached skill level 14 in Unarmed Combat
  9421 | D:10     | Found a staircase to the Orcish Mines.
  9457 | D:10     | Noticed a kobold demonologist
  9457 | D:10     | Noticed a kobold demonologist
  9457 | D:10     | Noticed a kobold demonologist
  9475 | D:10     | Noticed a sixfirhy
  9485 | D:10     | Killed a kobold demonologist
  9491 | D:10     | Noticed a soul eater
  9497 | D:10     | Killed a kobold demonologist
  9497 | D:10     | Acquired Makhleb's fifth power
  9574 | D:10     | Killed a kobold demonologist
  9868 | D:10     | Identified the +1 robe "Twurrivi" {Dex-3 Int+4} (You found it on level 5 of the Dungeon)
 10163 | D:9      | Bought a pair of runed gloves for 108 gold pieces
 10240 | D:10     | Found a white marble altar of Elyvilon.
 10283 | D:11     | Noticed a manticore
 10496 | D:9      | Found Qoqaef's Antique Weapon Boutique.
 10548 | D:9      | Found Testelix's Food Boutique.
 11087 | Orc:1    | Entered Level 1 of the Orcish Mines
 11431 | Orc:1    | Reached skill level 5 in Fighting
 11496 | Orc:1    | Found a radiant altar of Vehumet.
 12120 | Orc:1    | Reached skill level 15 in Unarmed Combat
 12231 | Orc:2    | Found Ymnaasa's Jewellery Shop.
 12246 | Orc:2    | Bought the ring of the Enemy {rPois rN+ MR++ SInv} for 569 gold pieces
 12268 | Orc:2    | Noticed a cyclops
 12455 | Orc:2    | Killed a cyclops
 12665 | Orc:1    | Reached XP level 11. HP: 76/89 MP: 4/4
 13119 | Orc:3    | Found a frozen archway.
 13145 | IceCv    | Entered an ice cave
 13284 | IceCv    | Noticed an ice statue
 13284 | IceCv    | Noticed an ice statue
 13504 | IceCv    | Killed an ice statue
 13504 | IceCv    | Reached skill level 1 in Invocations
 13794 | IceCv    | Killed an ice statue
 13999 | IceCv    | Noticed an ice devil
 14002 | IceCv    | Noticed an ice devil
 14013 | IceCv    | Killed an ice devil
 14026 | IceCv    | Killed an ice devil
 14297 | Orc:3    | Found an iron altar of Okawaru.
 14446 | Orc:3    | Noticed Harold
 14566 | Orc:3    | Found Siciph's Book Shop.
 14814 | Orc:3    | Killed Harold
 15325 | D:10     | Reached skill level 16 in Unarmed Combat
 15406 | D:11     | Noticed a cyclops
 15621 | D:9      | Killed Erolcha
 15621 | D:9      | Reached skill level 5 in Invocations
 15644 | D:9      | Noticed a purple ugly thing
 15649 | D:9      | Killed a purple ugly thing
 15722 | D:9      | Bought a heavily runed plate armour for 672 gold pieces
 15733 | D:9      | Identified the +8 plate armour "Stomec" {rPois rF+ Dex-1} (You bought it in a shop on level 9 of the Dungeon)
 15839 | D:8      | Killed Psyche
 15839 | D:8      | Reached skill level 1 in Armour
 16013 | D:11     | Killed a cyclops
 16013 | D:11     | Reached XP level 12. HP: 104/104 MP: 16/16
 16041 | D:11     | Noticed a hill giant
 16071 | D:11     | Killed a hill giant
 16191 | D:10     | Noticed a hill giant
 16199 | D:10     | Killed a hill giant
 16349 | D:11     | Noticed a hill giant
 16367 | D:10     | HP: 5/104 [hill giant/giant club (18)]
 16368 | D:10     | Killed a hill giant
 16368 | D:10     | Killed a manticore
 16830 | D:11     | Found Behidd's Gadget Shoppe.
 16830 | D:11     | Found a staircase to the Lair.
 16972 | D:11     | Noticed a cyclops
 16995 | D:11     | Killed a cyclops
 17213 | Lair:1   | Entered Level 1 of the Lair of Beasts
 17251 | Lair:1   | Noticed a six-headed hydra
 17261 | Lair:1   | Killed a six-headed hydra
 17574 | Lair:1   | Noticed Gastronok
 17605 | Lair:1   | Killed Gastronok
 17605 | Lair:1   | Reached skill level 5 in Armour
 19008 | Lair:2   | Reached skill level 17 in Unarmed Combat
 20027 | Lair:3   | Reached XP level 13. HP: 76/111 MP: 21/21
 20221 | Lair:3   | Noticed a four-headed hydra
 20235 | Lair:3   | Killed a four-headed hydra
 20616 | Lair:4   | Found a staircase to the Shoals.
 20745 | Lair:4   | Found a hole to the Spider Nest.
 21390 | Lair:4   | the hole to the Spider Nest was a mimic.
 22492 | Lair:5   | Reached skill level 18 in Unarmed Combat
 22505 | Lair:5   | Reached skill level 10 in Armour
 23271 | Lair:6   | Found a staircase to the Slime Pits.
 23370 | Lair:6   | Noticed Fannar
 23390 | Lair:6   | Killed Fannar
 23503 | Lair:6   | Found a hole to the Spider Nest.
 23576 | Lair:6   | Reached skill level 10 in Fighting
 24428 | Lair:7   | Reached XP level 14. HP: 122/122 MP: 21/21
 25314 | Lair:7   | Identified 2 scrolls of acquirement
 25331 | Lair:7   | Got a pitted hat
 25342 | Lair:7   | Identified the +1 hat of the Imp {Slay+5 Stlth--} (You acquired it on level 7 of the Lair of Beasts)
 25383 | Lair:8   | Entered Level 8 of the Lair of Beasts
 26397 | Lair:8   | Reached skill level 19 in Unarmed Combat
 27198 | Orc:4    | Entered Level 4 of the Orcish Mines
 27784 | Orc:4    | Found Zyenon's Assorted Antiques.
 27784 | Orc:4    | Found Unol's Jewellery Shop.
 27791 | Orc:4    | Found Kuuci's Assorted Antiques.
 27818 | Orc:4    | Found Yxoex's Magic Scroll Boutique.
 27880 | Orc:4    | Bought a scroll of identify for 32 gold pieces
 27880 | Orc:4    | Bought a scroll of identify for 32 gold pieces
 27884 | Orc:4    | Bought a scroll of blinking for 240 gold pieces
 27884 | Orc:4    | Bought a potion of curing for 64 gold pieces
 27885 | Orc:4    | Bought a scroll of identify for 64 gold pieces
 27887 | Orc:4    | Bought a potion of might for 80 gold pieces
 28051 | Orc:4    | Found a staircase to the Elven Halls.
 28591 | D:12     | Noticed Josephine
 28603 | D:12     | Killed Josephine
 28876 | D:12     | Noticed Urug
 28888 | D:12     | Killed Urug
 28968 | D:12     | Reached XP level 15. HP: 129/129 MP: 22/22
 29498 | D:13     | Noticed Maurice
 29510 | D:12     | Killed Maurice
 29882 | D:13     | Reached skill level 20 in Unarmed Combat
 30164 | D:13     | Reached skill level 15 in Armour
 30572 | D:13     | Found a gate to the Vaults.
 30640 | D:14     | Found a shattered altar of Ashenzari.
 31505 | D:15     | Entered Level 15 of the Dungeon
 31691 | D:15     | Found Muogoadu's Food Shop.
 31876 | D:15     | Reached skill level 21 in Unarmed Combat
 31978 | D:15     | Reached XP level 16. HP: 137/137 MP: 23/23
 32097 | D:15     | Noticed Louise
 32122 | D:15     | Killed Louise
 32412 | D:15     | Found a staircase to the Depths.
 32896 | Spider:1 | Entered Level 1 of the Spider Nest
 35365 | Spider:3 | Noticed Rupert
 35376 | Spider:3 | Killed Rupert
 35608 | Spider:3 | Noticed Arachne
 36188 | Spider:3 | Killed Arachne
 36605 | Spider:4 | Reached skill level 22 in Unarmed Combat
 37370 | Spider:4 | Reached XP level 17. HP: 144/144 MP: 25/25
 37415 | Spider:4 | Gained mutation: You are partially covered in slimy green scales (AC +2). [potion of beneficial mutation]
 37774 | Spider:5 | Entered Level 5 of the Spider Nest
 38666 | Spider:5 | Noticed Asterion
 38692 | Spider:5 | Killed Asterion
 39425 | Spider:5 | Got a gossamer rune of Zot
 39502 | Spider:3 | Reached skill level 10 in Invocations
 39654 | Shoals:1 | Entered Level 1 of the Shoals
 40499 | Shoals:5 | Entered Level 5 of the Shoals
 40561 | Shoals:5 | Gained mutation: You are agile. (Dex +2) [potion of beneficial mutation]
 40695 | Shoals:5 | Identified the Volume of the Frostbite and Air (You found it on level 5 of the Shoals)
 40842 | Shoals:5 | Noticed Ilsuiw
 40862 | Shoals:5 | Killed Ilsuiw
 41674 | Shoals:5 | Reached XP level 18. HP: 150/155 MP: 27/27
 41702 | Shoals:5 | HP: 5/156 [merfolk aquamancer/great wave of water (22)]
 42056 | Shoals:5 | Slain by an Executioner

Action                   |  1- 3 |  4- 6 |  7- 9 | 10-12 | 13-15 | 16-18 || total
-------------------------+-------+-------+-------+-------+-------+-------++-------
Melee: Unarmed           |    81 |   112 |   373 |  1008 |  1507 |  1106 ||  4187
Invok: Lesser Servant of |       |       |       |     6 |    12 |     4 ||    22
       Minor Destruction |       |       |       |     7 |    38 |    14 ||    59
       Greater Servant o |       |       |       |       |       |     9 ||     9
Evoke: Wand              |       |       |    10 |    14 |     5 |     1 ||    30
  Use: Scroll            |       |     1 |     2 |    10 |    16 |    20 ||    49
       Potion            |       |       |       |     3 |     1 |    10 ||    14
 Stab: Sleeping          |     4 |     2 |     6 |     2 |       |       ||    14
       Confused          |       |       |     5 |     2 |       |       ||     7
       Distracted        |       |       |     2 |     1 |     2 |     6 ||    11
       Petrified         |       |       |       |       |     1 |       ||     1
  Eat: Chunk             |     2 |     4 |    15 |    20 |    35 |    36 ||   112
       Royal jelly       |       |       |     2 |       |       |       ||     2
       Fruit             |       |       |     1 |     1 |     1 |       ||     3
       Beef jerky        |       |       |       |     2 |     2 |     1 ||     5
       Pizza             |       |       |       |     1 |       |       ||     1
       Meat ration       |       |       |       |     2 |     1 |     1 ||     4
